 Dungeon Crawl Stone Soup version 0.22.0-6-g71bd7aa6b3 (webtiles) character file.

93 MirrMurr the Sneak (level 4, 0/21 HPs)
             Began as a Spriggan Enchanter on Aug 16, 2018.
             Slain by a jackal (2 damage)
             ... on level 1 of the Dungeon.
             The game lasted 00:03:53 (1540 turns).

MirrMurr the Sneak (Spriggan Enchanter)             Turns: 1540, Time: 00:03:54

Health: 0/21       AC:  2    Str:  5    XL:     4   Next: 36%
Magic:  1/9        EV: 18    Int: 16    God:
Gold:   66         SH:  0    Dex: 16    Spells: 2/8 levels left

rFire    . . .     SeeInvis +   a - +1 dagger
rCold    . . .     Gourm    .   (shield restricted)
rNeg     . . .     Faith    .   b - +0 robe
rPois    .         Spirit   .   (helmet restricted)
rElec    .         Reflect  .   (no cloak)
rCorr    .         Harm     .   (gloves unavailable)
MR       .....                  (boots unavailable)
Stlth    +++.......             (no amulet)
HPRegen  0.07/turn              (no ring)
MPRegen  0.11/turn              (no ring)

@: very quick
A: very small, unfitting armour, see invisible, herbivore, speed 3, slow
metabolism 2
a: no special abilities


You were on level 1 of the Dungeon.
You were not hungry.

You visited 1 branch of the dungeon, and saw 3 of its levels.

You collected 66 gold pieces.

Inventory:

Hand Weapons
 a - a +1 dagger (weapon)
Missiles
 d - 46 stones (quivered)
 j - 17 bolts
Armour
 b - a +0 robe (worn)
Scrolls
 f - a scroll of enchant weapon {unknown}
 g - 2 scrolls of teleportation {unknown}
 h - a scroll of magic mapping {unknown}
 i - a scroll of noise {unknown}
Potions
 e - a potion of curing {unknown}
Comestibles
 c - 3 rations


   Skills:
 + Level 3.3 Short Blades
 - Level 3.0 Dodging
 + Level 6.5 Stealth
 - Level 2.6 Spellcasting
 - Level 3.6 Hexes


You had 2 spell levels left.
You knew the following spells:

 Your Spells              Type           Power        Failure   Level  Hunger
a - Ensorcelled Hibernat  Hex/Ice        #.....       14%         2    ##.....
b - Confuse               Hex            ##......     13%         3    ###....
C - Corona                Hex            ##.....      4%          1    #......

Your spell library contained the following spells:

 Spells                   Type           Power        Failure   Level  Hunger
 Tukima's Dance           Hex            ##......     13%         3    ###....
 Dazzling Spray           Conj/Hex       #.....       28%         3    ###....


Dungeon Overview and Level Annotations

Branches:
Dungeon (3/15)

Altars:

Annotations:
D:2 Natasha


Innate Abilities, Weirdness & Mutations

You are very small and have problems with some larger weapons.
You are too small for most types of armour.
You have supernaturally acute eyesight. (SInv)
You are a herbivore.
You cover ground extremely quickly.
You need to consume almost no food.


Message History

Confirm with . or Enter, or press ? or * to list all spells.
You don't have enough magic to cast that spell.
Unknown command.
You closely miss the jackal.
The jackal bites you but does no damage.
You closely miss the jackal. The jackal barely misses you.
You hit the jackal.
The jackal is moderately wounded.
The jackal closely misses you. The jackal barely misses you.
You closely miss the jackal.
The jackal is moderately wounded.
The jackal bites you but does no damage.
You closely miss the jackal.
The jackal is moderately wounded.
The jackal bites you.
* * * LOW HITPOINT WARNING * * *
You hit the jackal but do no damage.
The jackal is moderately wounded.
The jackal bites you.
You die...

########.###.#
######.###.#
#...).......
#.#.###.#..# #.#.#
#..... #.#.# #....# #
#.#.# #.#.##
#.###.#######.#.# #.....
#.....@h...#.#.# ###.##
#.###.#####.#.#.#####.##
#. ##...........h## #.
##..........>....
#.##..............##
#.............###.#
##.#.#.#.......##.#
#................#
#####.#.#.#.......####


You could see a jackal.

Vanquished Creatures
  Natasha (twice) (D:2)
  An adder (D:2)
  2 worms (D:2)
  2 giant cockroaches
  2 goblins
  2 hobgoblins (D:2)
  4 jackals (D:2)
  3 kobolds
  A quokka (D:2)
  4 bats
  5 frilled lizards
  3 rats
31 creatures vanquished.

Notes
Turn   | Place    | Note
-------+----------+-------------------------------------------
     0 | D:1      | MirrMurr the Spriggan Enchanter began the quest for the Orb.
     0 | D:1      | Reached XP level 1. HP: 9/9 MP: 5/5
   489 | D:1      | Reached XP level 2. HP: 13/13 MP: 6/6
   493 | D:1      | Learned a level 2 spell: Ensorcelled Hibernation
   527 | D:2      | Reached skill level 5 in Stealth
  1115 | D:2      | Reached XP level 3. HP: 16/16 MP: 5/8
  1168 | D:2      | Learned a level 3 spell: Confuse
  1221 | D:2      | Noticed Natasha
  1227 | D:2      | Killed Natasha
  1227 | D:2      | Reached skill level 6 in Stealth
  1321 | D:2      | Reached XP level 4. HP: 11/21 MP: 4/9
  1341 | D:2      | Noticed Natasha
  1347 | D:2      | Killed Natasha
  1438 | D:2      | Noticed Natasha
  1459 | D:2      | HP: 1/21 [Natasha/magic dart (3)]
  1540 | D:1      | Slain by a jackal

Skill      XL: |  1  2  3 |
---------------+----------+-----
Stealth        | 5 6 |  6.5
Short Blades   | 2 3 |  3.3
Dodging        | |  3.0
Spellcasting   | |  2.6
Hexes          | |  3.6

Action                   |  1- 3 |  4- 6 || total
-------------------------+-------+-------++-------
Melee: Dagger            |   130 |    19 ||   149
 Cast: Ensorcelled Hiber |     9 |     8 ||    17
       Confuse           |       |     1 ||     1
 Stab: Sleeping          |    14 |     2 ||    16
Armor: Robe              |    11 |     3 ||    14
Dodge: Dodged            |   117 |    22 ||   139
